 Dungeon Crawl Stone Soup version 0.31.0-11-ge490571c62 (webtiles) character file.

Game seed: 6099087865785307254

22247 qw the Skirmisher (level 12, -16/61 HPs)
             Began as a Spriggan Hunter on Feb 3, 2024.
             Was a High Priest of Okawaru.
             Demolished by a komodo dragon (23 damage)
             ... on level 3 of the Lair of Beasts.
             The game lasted 00:01:00 (10194 turns).

qw the Skirmisher (Spriggan Hunter)                Turns: 10194, Time: 00:01:00

Health: -16/61     AC:  6    Str:  7    XL:     12   Next: 61%
Magic:  20/20      EV: 30    Int: 10    God:    Okawaru [*****.]
Gold:   679        SH:  0    Dex: 24    Spells: 11/11 levels left

rFire   . . .        d - +9 arbalest (freeze)
rCold   . . .        (shield currently unavailable)
rNeg    + . .        p - +1 troll leather armour
rPois   .            m - +2 hat {Will+}
rElec   .            (no cloak)
rCorr   .            (gloves unavailable)
SInv    +            (boots unavailable)
Will    +++..        k - amulet of faith
Stlth   +            n - ring of positive energy
HPRegen 1.10/turn    (no ring)
MPRegen 0.17/turn

%: faith
@: lethally poisoned (-16 -> -16), about to teleport, slow
A: very small, no large weapons, unfitting armour, see invisible, speed 3
a: Renounce Religion, Heroism, Finesse, Duel


You were on level 3 of the Lair of Beasts.
You worshipped Okawaru.
Okawaru was extremely pleased with you.
You visited 2 branches of the dungeon, and saw 13 of its levels.

You collected 679 gold pieces.


Innate Abilities, Weirdness & Mutations

You are very small and have problems with some larger weapons.
You are too small for most types of armour.
You have supernaturally acute eyesight. (SInv)
You cover ground extremely quickly. (Speed+++)


   Skills:
 - Level 6.0 Fighting
 + Level 14.3 Ranged Weapons
 - Level 1.0 Armour
 - Level 14.2 Dodging
 - Level 1.5 Stealth
 - Level 10.0 Invocations


You had 11 spell levels left.
You didn't know any spells.
Your spell library was empty.

Inventory:

Hand Weapons
 d - a +9 arbalest of freezing (weapon)
Armour
 m - a +2 hat of willpower (worn)
 p - a +1 troll leather armour (worn)
Jewellery
 k - an amulet of faith (around neck)
 n - a ring of positive energy (left hand)
Wands
 c - a wand of mindburst (28)
 f - a wand of paralysis (3)
 g - a wand of digging (1)
 r - a wand of roots (5)
Scrolls
 l - a scroll of teleportation
 s - a scroll of identify
Potions
 a - 6 potions of curing
 b - 4 potions of resistance
 e - a potion of magic
 h - 3 potions of haste
 i - a potion of mutation
 j - a potion of might {unknown}
 q - a potion of cancellation {unknown}
 t - a potion of berserk rage {unknown}

Dungeon Overview and Level Annotations

Branches:
Dungeon (10/15)            Temple (0/1) D:7            Lair (3/5) D:10
 Shoals (0/4) Lair:2        Snake (0/4) Lair:2
    Orc: D:9-12

Altars:
Dithmenos
Fedhas
Gozag
Hepliaklqana
Kikubaaqudgha
Makhleb
Okawaru
Qazlal
Ru
Sif Muna
Trog
Uskayaw
Vehumet
Wu Jian
Xom
Zin
The Shining One

Shops:
D:8 *

Annotations:
D:10 2 transporters, qw's ghost, journeyman DEHu


Message History

You feel very sick. The water moccasin bites you.
The skyshark bites you but does no damage.
The skyshark closely misses you. The skyshark tail-slaps you.
You shoot a bolt. The bolt barely misses the skyshark.
You feel sick.
The water moccasin completely misses you. x2
The skyshark bites you!
The skyshark enters a blood-rage!
The skyshark completely misses you. x2
You shoot a bolt. The bolt hits the skyshark!
The skyshark seems to slow down.
The bolt freezes the skyshark.
You kill the skyshark!
Okawaru accepts your kill.
Your surroundings suddenly seem different.
Splash!
You fall into the shallow water.
Moving in this stuff is going to be slow.
A wolf, a komodo dragon, 3 giant frogs, a catoblepas and a water moccasin come into view.
Found 57 gold pieces and a long jewelled staff.
You feel sick.
The blink frog croaks.
The wolf howls!
The komodo dragon hisses angrily.
The blink frog croaks.
The water moccasin hisses angrily.
You hear a croak.
You hear an angry hiss.
You hear a bellow! x2; The bullfrog croaks.
You hear a howl!
You hear an angry hiss.
The blink frog completely misses you.
A cane toad comes into view.
A komodo dragon comes into view.
The blink frog hits you! The catoblepas completely misses you.
The blink frog blinks!
The bullfrog moves out of view.
The komodo dragon hisses angrily.
You hear an angry hiss.
A cane toad comes into view.
10194 ||| READING 2 scrolls of teleportation.
As you read the scroll of teleportation, it crumbles to dust.
You feel strangely unstable.
You feel sick.
The cane toad croaks.
You hear an angry hiss.
You hear an angry growl.
A wolf comes into view.
The blink frog blinks!
The water moccasin closely misses you.
A water moccasin comes into view.
The komodo dragon bites you!!
You die...

#.7.7.# #7.7.7# ...
#.7.7.# 7.7 #7.7.7#
... #.7.7.#77F77
##7%7##7...7# .
#..<..#.~h~.##F.$
+..8..+.l¤~F.FFhS
#..>..#.~@~.#
##7+7##7S.Y7# 77.77
... #....... 7.7
#....... ...
#....... 7.7
#....... ###
#############.......
..#
...77#..............


You could see a catoblepas, a komodo dragon, 2 cane toads, 2 blink frogs, 2
water moccasins, 2 wolves and a bullfrog.

Vanquished Creatures
  Gastronok (D:9)
  A hydra (Lair:3)
  4 two-headed ogres
  A skyshark (Lair:3)
  Joseph (D:8)
  4 black mambas
  6 elephants
  A torpor snail (Lair:1)
  7 cane toads
  A rime drake (Lair:1)
  Jeremiah (D:9)
  2 komodo dragons (Lair:2)
  2 trolls
  A polar bear (Lair:2)
  A hornet (D:10)
  5 blink frogs
  2 dream sheep (Lair:1)
  A wyvern (D:10)
  25 yaks
  A steam dragon (D:10)
  2 basilisks
  2 nagas (Lair:2)
  An acid dragon (D:10)
  11 water moccasins
  3 black bears
  2 sky beasts (D:7)
  2 orc warriors
  4 ogres
  3 wolves (Lair:3)
  2 centaurs
  A phantom (D:5)
  8 bullfrogs
  2 scorpions
  7 wights (D:9)
  An electric eel (Lair:2)
  2 howler monkeys
  A hound (D:5)
  2 jellies
  A bombardier beetle (D:5)
  2 orc priests
  7 orc wizards
  A sleepcap (D:7)
  3 iguanas
  3 gnolls (D:5)
  7 adders
  A white imp (D:5)
  2 ufetubi (D:5)
  A dart slug (D:1)
  A ribbon worm (D:2)
  15 orcs
  9 bats
  6 endoplasms
  4 giant cockroaches
  3 goblins
  7 hobgoblins
  5 quokkas
  6 ball pythons
  3 frilled lizards
  5 kobolds
  8 rats
224 creatures vanquished.

Notes
Turn   | Place    | Note
-------+----------+-------------------------------------------
     0 | D:1      | qw the Spriggan Hunter began the quest for the Orb.
     0 | D:1      | Reached XP level 1. HP: 10/10 MP: 2/2
     0 | D:1      | 0 ||| qw: Version: 0.3-a-158-g18b3111
     0 | D:1      | 0 ||| qw: Game counter: 4158
     0 | D:1      | 0 ||| qw: Melee chars always use a shield: true
     0 | D:1      | 0 ||| qw: God list: Okawaru
     0 | D:1      | 0 ||| qw: Allow faded altars: false
     0 | D:1      | 0 ||| qw: Do Orc after clearing Dungeon:15 true
     0 | D:1      | 0 ||| qw: Do second Lair branch before Depths: true
     0 | D:1      | 0 ||| qw: Lair rune preference: random
     0 | D:1      | 0 ||| qw: Goals: Normal
     0 | D:1      | 0 ||| PLANNING D:1-11
   121 | D:1      | Reached skill level 3 in Dodging
   184 | D:1      | Reached XP level 2. HP: 14/14 MP: 3/3
   699 | D:1      | Found a faded altar of an unknown god.
   930 | D:1      | 930 ||| READING scroll labelled CUHAOKH YBINK.
   931 | D:1      | 931 ||| READING scroll labelled HOKAL XACW.
   931 | D:1      | Identified a scroll of acquirement
   931 | D:1      | 931 ||| ACQUIRING +5 arbalest of freezing
   931 | D:1      | Acquired a +5 arbalest of freezing
   933 | D:1      | 933 ||| SWAPPING to +5 arbalest of freezing.
   934 | D:1      | 934 ||| DROPPING +0 shortbow.
   935 | D:1      | 935 ||| READING scroll labelled DIEGGY ARASH.
   936 | D:1      | 936 ||| READING scroll labelled NOIDYK TIDEAMOKKE.
   962 | D:1      | 962 ||| READING scroll labelled CAKEISI QAFRIRPH.
   963 | D:1      | 963 ||| DROPPING scroll of butterflies.
  1014 | D:2      | Reached XP level 3. HP: 18/18 MP: 4/4
  1095 | D:2      | Found a burning altar of Makhleb.
  1301 | D:2      | 1301 ||| READING scroll labelled YTEAF TYXUSING.
  1301 | D:2      | 1301 ||| IDENTIFYING sedimented emerald potion
  1302 | D:2      | 1302 ||| READING 2 scrolls labelled ISSOLA SIXTA.
  1302 | D:2      | 1302 ||| ENCHANTING +5 arbalest of freezing.
  1303 | D:2      | 1303 ||| READING scroll of enchant weapon.
  1303 | D:2      | 1303 ||| ENCHANTING +6 arbalest of freezing.
  1304 | D:2      | 1304 ||| READING scroll labelled GANEL GOCVECOF.
  1405 | D:2      | 1405 ||| DRINKING 2 clear potions.
  1406 | D:2      | 1406 ||| DROPPING potion of lignification.
  1474 | D:3      | Found an iron altar of Okawaru.
  1475 | D:3      | 1475 ||| PLANNING OKAWARU WORSHIP
  1482 | D:3      | Became a worshipper of Warmaster Okawaru
  1483 | D:3      | 1483 ||| PLANNING D:1-11
  1509 | D:3      | Found a stormy altar of Qazlal.
  2190 | D:3      | 2190 ||| READING scroll labelled MOUWUPT WIFY.
  2194 | D:3      | 2194 ||| DRINKING 2 orange potions.
  2195 | D:3      | 2195 ||| DRINKING 2 sedimented orange potions.
  2227 | D:4      | Noticed an ogre
  2229 | D:4      | Killed an ogre
  2229 | D:4      | Reached * piety under Okawaru
  2230 | D:4      | Reached XP level 4. HP: 22/22 MP: 5/5
  2230 | D:4      | Reached XP level 5. HP: 25/25 MP: 6/6
  2232 | D:4      | Found a shimmering altar of Xom.
  2324 | D:4      | Found a blossoming altar of Fedhas.
  2324 | D:4      | Found a hazy altar of Hepliaklqana.
  2409 | D:4      | Reached skill level 1 in Invocations
  2462 | D:4      | Found a glowing silver altar of Zin.
  2846 | D:4      | 2846 ||| READING scroll labelled JAOXIDGH MOCRIN.
  2997 | D:5      | Entered Level 5 of the Dungeon
  3023 | D:5      | Reached XP level 6. HP: 30/30 MP: 8/8
  3167 | D:5      | Identified the +1 robe of Ignis's Supremacy {Str+3 Int-3}
  3370 | D:5      | Noticed a yak
  3371 | D:5      | 3371 ||| INVOKING Heroism.
  3372 | D:5      | Noticed a yak
  3373 | D:5      | Noticed a yak
  3374 | D:5      | Killed a yak
  3374 | D:5      | Noticed a yak
  3375 | D:5      | Reached skill level 3 in Invocations
  3375 | D:5      | Noticed a yak
  3376 | D:5      | 3376 ||| RETREEEEATING.
  3377 | D:5      | 3377 ||| RETREEEEATING.
  3380 | D:5      | Killed a yak
  3381 | D:5      | Reached skill level 6 in Ranged Weapons
  3381 | D:5      | Reached XP level 7. HP: 35/35 MP: 7/10
  3382 | D:5      | Killed a yak
  3386 | D:5      | Killed a yak
  3386 | D:5      | Reached ** piety under Okawaru
  3387 | D:5      | 3387 ||| INVOKING Heroism.
  3389 | D:5      | Killed a yak
  3390 | D:5      | Reached XP level 8. HP: 36/39 MP: 6/12
  3580 | D:5      | Found an opulent altar of Gozag.
  3801 | D:5      | 3801 ||| UPGRADING to +1 robe of Ignis's Supremacy {Str+3
                  | Int-3}.
  3811 | D:5      | 3811 ||| DROPPING +0 robe.
  3812 | D:5      | 3812 ||| DROPPING +6 ring of intelligence.
  3813 | D:5      | 3813 ||| UPGRADING to ring of positive energy.
  3814 | D:5      | 3814 ||| READING scroll of identify.
  3814 | D:5      | 3814 ||| IDENTIFYING metallic inky potion
  3815 | D:5      | 3815 ||| READING scroll labelled IHOUVO YWKU.
  3816 | D:5      | 3816 ||| DRINKING 2 bubbling yellow potions.
  3817 | D:5      | 3817 ||| DROPPING potion of degeneration.
  3989 | D:6      | Found a shimmering blue altar of Sif Muna.
  4007 | D:6      | 4007 ||| INVOKING Heroism.
  4385 | D:6      | Reached skill level 3 in Fighting
  4561 | D:6      | 4561 ||| READING scroll of identify.
  4561 | D:6      | 4561 ||| IDENTIFYING green potion
  4598 | D:7      | 4598 ||| STAIRDANCE
  4603 | D:6      | Reached *** piety under Okawaru
  4644 | D:7      | Found a hide-covered altar of Uskayaw.
  4652 | D:7      | Reached skill level 9 in Ranged Weapons
  4715 | D:7      | Reached XP level 9. HP: 35/44 MP: 13/13
  4873 | D:7      | Reached skill level 9 in Dodging
  5073 | D:7      | Found a staircase to the Ecumenical Temple.
  5154 | D:7      | Found a glowing golden altar of the Shining One.
  5341 | D:7      | 5341 ||| DRINKING 2 pink potions.
  5342 | D:7      | 5342 ||| DROPPING wand of flame (27).
  5343 | D:7      | 5343 ||| DROPPING potion of brilliance.
  5392 | D:8      | Noticed Joseph
  5393 | D:8      | 5393 ||| INVOKING Heroism.
  5396 | D:8      | Killed Joseph
  5438 | D:8      | Found Piwa's General Store.
  5718 | D:8      | Noticed a two-headed ogre
  5719 | D:8      | 5719 ||| INVOKING Heroism.
  5723 | D:8      | Killed a two-headed ogre
  5723 | D:8      | Reached **** piety under Okawaru
  5771 | D:8      | Found a radiant altar of Vehumet.
  6011 | D:8      | Found a sacrificial altar of Ru.
  6014 | D:8      | 6014 ||| READING scroll labelled FUDWOO WOPU.
  6014 | D:8      | 6014 ||| ENCHANTING +7 arbalest of freezing.
  6028 | D:9      | Noticed a two-headed ogre
  6029 | D:9      | 6029 ||| INVOKING Finesse.
  6032 | D:9      | Killed a two-headed ogre
  6033 | D:9      | Reached XP level 10. HP: 49/49 MP: 8/15
  6137 | D:9      | Noticed Gastronok
  6138 | D:9      | 6138 ||| INVOKING Finesse.
  6139 | D:9      | 6139 ||| INVOKING Finesse.
  6150 | D:9      | Killed Gastronok
  6151 | D:9      | Reached skill level 6 in Invocations
  6330 | D:9      | Found a shadowy altar of Dithmenos.
  6338 | D:9      | Reached ***** piety under Okawaru
  6379 | D:9      | Noticed a two-headed ogre
  6380 | D:9      | 6380 ||| INVOKING Finesse.
  6425 | D:9      | 6425 ||| INVOKING Finesse.
  6428 | D:9      | Killed a two-headed ogre
  6543 | D:9      | Noticed Jeremiah
  6545 | D:9      | Killed Jeremiah
  6613 | D:9      | Found a bloodstained altar of Trog.
  6613 | D:9      | Found a burning altar of Makhleb.
  6731 | D:9      | 6731 ||| UPGRADING to +1 hat of willpower.
  6736 | D:9      | 6736 ||| UPGRADING to +0 troll leather armour.
  6746 | D:9      | 6746 ||| DROPPING +1 robe of Ignis's Supremacy {Str+3
                  | Int-3}.
  6747 | D:9      | 6747 ||| READING scroll of enchant armour.
  6747 | D:9      | 6747 ||| ENCHANTING +1 hat of willpower.
  6748 | D:9      | 6748 ||| UPGRADING to amulet of faith.
  6758 | D:10     | Entered Level 10 of the Dungeon
  6759 | D:10     | Noticed a two-headed ogre
  6760 | D:10     | 6760 ||| INVOKING Finesse.
  6763 | D:10     | Killed a two-headed ogre
  6819 | D:10     | Found a transporter.
  6847 | D:10     | Found a staircase to the Lair.
  6853 | D:10     | 6853 ||| INVOKING Finesse.
  6861 | D:10     | Reached XP level 11. HP: 47/53 MP: 12/18
  6883 | D:10     | Received a gift from Okawaru
  6987 | D:10     | Noticed qw's ghost (journeyman DEHu)
  7076 | D:10     | Found an ancient bone altar of Kikubaaqudgha.
  7268 | D:10     | Reached skill level 12 in Ranged Weapons
  7268 | D:10     | Reached skill level 9 in Invocations
  7339 | D:10     | Found a transporter.
  7467 | D:10     | 7467 ||| PLANNING LAIR
  7467 | D:10     | 7467 ||| READING scroll of identify.
  7467 | D:10     | 7467 ||| IDENTIFYING white potion
  7468 | D:10     | 7468 ||| READING scroll labelled PUVIBB HUAPRI.
  7469 | D:10     | 7469 ||| DROPPING potion of ambrosia.
  7517 | Lair:1   | Entered Level 1 of the Lair of Beasts
  7518 | Lair:1   | 7518 ||| STAIRDANCE
  7522 | Lair:1   | 7522 ||| STAIRDANCE
  7526 | D:10     | 7526 ||| RETREEEEATING.
  7527 | D:10     | 7527 ||| RETREEEEATING.
  7528 | D:10     | 7528 ||| RETREEEEATING.
  7529 | D:10     | 7529 ||| RETREEEEATING.
  7530 | D:10     | 7530 ||| RETREEEEATING.
  7532 | D:10     | 7532 ||| RETREEEEATING.
  7535 | D:10     | Reached skill level 12 in Dodging
  7556 | Lair:1   | 7556 ||| STAIRDANCE
  7596 | Lair:1   | 7596 ||| READING scroll of enchant weapon.
  7596 | Lair:1   | 7596 ||| ENCHANTING +7 arbalest of freezing.
  7620 | Lair:1   | Received a gift from Okawaru
  7938 | Lair:1   | 7938 ||| RETREEEEATING.
  7943 | Lair:1   | 7943 ||| INVOKING Finesse.
  8057 | Lair:1   | 8057 ||| READING scroll of enchant armour.
  8057 | Lair:1   | 8057 ||| ENCHANTING +0 troll leather armour.
  8127 | Lair:1   | 8127 ||| RETREEEEATING.
  8131 | Lair:1   | 8131 ||| RETREEEEATING.
  8132 | Lair:1   | 8132 ||| RETREEEEATING.
  8133 | Lair:1   | 8133 ||| RETREEEEATING.
  8134 | Lair:1   | 8134 ||| RETREEEEATING.
  8135 | Lair:1   | 8135 ||| RETREEEEATING.
  8137 | Lair:1   | 8137 ||| RETREEEEATING.
  8139 | Lair:1   | 8139 ||| RETREEEEATING.
  8690 | Lair:1   | 8690 ||| READING scroll labelled LEFREH UNKILA.
  8716 | Lair:2   | 8716 ||| STAIRDANCE
  8729 | Lair:2   | 8729 ||| STAIRDANCE
  8731 | Lair:1   | 8731 ||| RETREEEEATING.
  8732 | Lair:1   | 8732 ||| RETREEEEATING.
  8733 | Lair:1   | 8733 ||| RETREEEEATING.
  8734 | Lair:1   | 8734 ||| RETREEEEATING.
  8735 | Lair:1   | 8735 ||| RETREEEEATING.
  8736 | Lair:1   | 8736 ||| RETREEEEATING.
  8737 | Lair:1   | 8737 ||| RETREEEEATING.
  8745 | Lair:1   | Received a gift from Okawaru
  8827 | Lair:2   | 8827 ||| RETREEEEATING.
  8836 | Lair:2   | 8836 ||| INVOKING Finesse.
  8843 | Lair:2   | Reached XP level 12. HP: 28/60 MP: 14/20
  8849 | Lair:2   | 8849 ||| FLEEEEING.
  8850 | Lair:2   | 8850 ||| FLEEEEING.
  8851 | Lair:2   | 8851 ||| FLEEEEING.
  8852 | Lair:2   | 8852 ||| FLEEEEING.
  8853 | Lair:2   | 8853 ||| FLEEEEING.
  8854 | Lair:2   | 8854 ||| FLEEEEING.
  8855 | Lair:2   | 8855 ||| FLEEEEING.
  8856 | Lair:2   | 8856 ||| FLEEEEING.
  8857 | Lair:2   | 8857 ||| FLEEEEING.
  8858 | Lair:2   | 8858 ||| FLEEEEING.
  8859 | Lair:2   | 8859 ||| FLEEEEING.
  8860 | Lair:2   | 8860 ||| FLEEEEING.
  8861 | Lair:2   | 8861 ||| FLEEEEING.
  8862 | Lair:2   | 8862 ||| FLEEEEING.
  8864 | Lair:2   | 8864 ||| FLEEEEING.
  8865 | Lair:2   | 8865 ||| FLEEEEING.
  8896 | Lair:2   | Found an ornate altar of the Wu Jian Council.
  9090 | Lair:2   | 9090 ||| INVOKING Finesse.
  9091 | Lair:2   | 9091 ||| INVOKING Heroism.
  9304 | Lair:2   | Identified the +6 sling of the Salmon {drain, Str+2}
  9318 | Lair:2   | Found a staircase to the Shoals.
  9353 | Lair:2   | Found a staircase to the Snake Pit.
  9453 | Lair:2   | Received a gift from Okawaru
  9678 | Lair:2   | 9678 ||| READING scroll of identify.
  9678 | Lair:2   | 9678 ||| IDENTIFYING bubbling grey potion
  9707 | Lair:3   | Noticed a four-headed hydra
  9708 | Lair:3   | 9708 ||| INVOKING Finesse.
  9712 | Lair:3   | Killed a four-headed hydra
  9752 | Lair:3   | Reached skill level 1 in Armour
  9919 | Lair:3   | 9919 ||| READING scroll of enchant weapon.
  9919 | Lair:3   | 9919 ||| ENCHANTING +8 arbalest of freezing.
  9971 | Lair:3   | Found a shimmering blue altar of Sif Muna.
 10177 | Lair:3   | 10177 ||| RETREEEEATING.
 10185 | Lair:3   | Reached skill level 6 in Fighting
 10188 | Lair:3   | HP: 10/61 [skyshark (11)]
 10189 | Lair:3   | 10189 ||| READING 3 scrolls of teleportation.
 10190 | Lair:3   | 10190 ||| DRINKING potion of heal wounds.
 10193 | Lair:3   | Noticed a catoblepas
 10193 | Lair:3   | HP: 13/61 [poisoned by a water moccasin]
 10193 | Lair:3   | HP: 6/61 [blink frog (7)]
 10194 | Lair:3   | 10194 ||| READING 2 scrolls of teleportation.
 10194 | Lair:3   | Demolished by a komodo dragon

Levels and vault maps discovered:
D:1:      amcnicky_arrival_wind_blow, layout_basic,
          nicolae_ecumenical_lake_church, serial_curves, eino_curves_01,
          eino_curves_03, eino_curves_01, eino_curves_03
D:2:      layout_basic, basic_altar
D:3:      layout_basic, mainiacjoe_overflow_small_starburst,
          grunt_qazlal_sundering, chequers_serial_rivers_small_b,
          grunt_decor_mini_mirrors
D:4:      layout_loops_ring, old_standard_altar,
          mainiacjoe_overflow_concentric_impassable, jmf_multi_god_temple,
          roderic_batcave
D:5:      layout_gridville, mainiacjoe_overflow_tiny_flanked
D:6:      layout_gridville, mainiacjoe_overflow_24_doors,
          minmay_tree_intersection, kennysheep_crisscross, chequers_arboretum
D:7:      layout_basic, nicolae_uskayaw_murder_on_the_dancefloor,
          lemuel_coloured_pillars_altar, minmay_temple_entry_mini_moons
D:8:      layout_gridville, lemuel_tele_altar, old_standard_altar, serial_shops,
          nicolae_diamond_shop, uniq_joseph
D:9:      layout_gridville, gammafunk_temple_overflow_wave,
          nicolae_dithmenos_shadow_blocks, minmay_fountain_box, uniq_gastronok,
          uniq_jeremiah
D:10:     layout_irregular_city, mainiacjoe_overflow_surrounded_room,
          minmay_lair_entry_grove, gammafunk_ghost_stat_death,
          serial_column_ruins, column_ruins_grid_2,
          column_ruins_columns_dead_end, column_ruins_open_tiny,
          column_ruins_open_small, column_ruins_open_tiny, column_ruins_grid_3
Lair:1:   layout_layer_cave, serial_bayou_lagoon_a
Lair:2:   layout_cave_pods, shoals_dummy_entry, guppyfry_snake_entry_garden,
          basic_altar, serial_bayou_pond_b
Lair:3:   nzn_winding_woodlands_stair_cross [nzn_winding_woodlands_5x15_garden,
          nzn_winding_woodlands_center_pierced_h,
          nzn_winding_woodlands_5x15_pool,
          nzn_winding_woodlands_5x5_checkerboard,
          nzn_winding_woodlands_5x5_default,
          nzn_winding_woodlands_5x15_pathside_ponds,
          nzn_winding_woodlands_center_triple_pond,
          nzn_winding_woodlands_5x15_parted], layout_regular_city,
          ebering_ghost_reflecting_pool, basic_altar

Skill      XL: |  1  2  3  4  5  6  7  8  9 10 11 12 |
---------------+-------------------------------------+-----
Dodging        | 3 4 5 7 8 10 11 13 14 | 14.2
Ranged Weapons | 5 6 9 10 11 13 14 | 14.3
Invocations    | 2 3 4 5 8 10 | 10.0
Fighting       | 2 3 4 5 6 |  6.0
Armour         | 1 |  1.0
Stealth        | |  1.5

Action                     |  1- 3 |  4- 6 |  7- 9 | 10-12 || total
---------------------------+-------+-------+-------+-------++-------
   Fire: Shortbow          |    42 |       |       |       ||    42
         Arbalest          |    32 |    45 |   106 |   342 ||   525
 Invoke: Heroism           |       |     1 |     4 |     1 ||     6
         Finesse           |       |       |     1 |     9 ||    10
    Use: Scroll            |    10 |     1 |     4 |    10 ||    25
         Potion            |     3 |       |     2 |     1 ||     6
 Armour: Robe              |     2 |    15 |     7 |       ||    24
         Troll leather arm |       |       |       |    47 ||    47
  Dodge: Dodged            |     5 |    28 |    47 |   179 ||   259

Table legend:
 A = Non-vault XP
 B = Vault XP
 C = Vault XP percentage of total XP
 D = Non-vault monster count
 E = Vault monster count
 F = Vault count percentage of total count
                 A         B        C        D         E       F
            +---------+---------+-------+---------+---------+-------
      Total |   24371 |    7411 |  23.3 |     191 |      33 |  14.7
            +---------+---------+-------+---------+---------+-------
        D:1 |      35 |       0 |   0.0 |      20 |       0 |   0.0
        D:2 |      27 |       0 |   0.0 |       9 |       0 |   0.0
        D:3 |      20 |       0 |   0.0 |      14 |       0 |   0.0
        D:4 |     200 |      17 |   7.8 |      11 |      10 |  47.6
        D:5 |    1473 |       0 |   0.0 |      21 |       0 |   0.0
        D:6 |     711 |       0 |   0.0 |       9 |       0 |   0.0
        D:7 |     750 |       0 |   0.0 |      13 |       0 |   0.0
        D:8 |    1269 |     481 |  27.5 |      16 |       1 |   5.9
        D:9 |    2625 |    1819 |  40.9 |      12 |       2 |  14.3
       D:10 |    2972 |    1895 |  38.9 |      12 |      10 |  45.5
     Lair:1 |    6200 |       0 |   0.0 |      26 |       0 |   0.0
     Lair:2 |    5156 |     993 |  16.1 |      17 |       5 |  22.7
     Lair:3 |    2933 |    2206 |  42.9 |      11 |       5 |  31.2
            +---------+---------+-------+---------+---------+-------
